 Dungeon Crawl Stone Soup version 0.29-a0-321-gf1c400731a (webtiles) character file.

Game seed: 2708515261024711649

14816 Bnni the Martial Artist (level 12, -8/89 HPs)
             Began as an Octopode Fighter on Apr 4, 2022.
             Was an Initiate of Gozag.
             Mangled by a rakshasa
             ... wielding a +0 whip
              (16 damage)
             ... on level 9 of the Dungeon.
             The game lasted 00:25:33 (16091 turns).

Bnni the Martial Artist (Octopode Fighter)         Turns: 16091, Time: 00:25:34

Health: -8/89      AC:  5    Str: 16    XL:     12   Next: 20%
Magic:  12/12      EV: 17    Int: 10    God:    Gozag
Gold:   209        SH:  6    Dex: 16    Spells: 11/11 levels left

rFire   . . .      SeeInvis +     - Unarmed
rCold   . . .      Faith    .   a - +1 buckler
rNeg    . . .      Spirit   .   (helmet restricted)
rPois   .          Reflect  .   c - amulet of magic regeneration
rElec   .          Harm     .   o - ring of resist corrosion
rCorr   +          Rampage  .   h - ring of wizardry
Will    .....                   x - ring of see invisible
Stlth   +++.......              m - +4 ring of protection
HPRegen 0.24/turn               (no ring)
MPRegen 0.53/turn               (no ring)
                                (no ring)
                                (no ring)

@: brilliant, hasted, very quick
A: almost no armour, amphibious, 8 rings, camouflage 1, gelatinous body 1,
nimble swimmer 1, tentacles
a: Renounce Religion, Potion Petition, Call Merchant, Bribe Branch


You were on level 9 of the Dungeon.
You worshipped Gozag.
Gozag was aware of your devotion.
You visited 2 branches of the dungeon, and saw 10 of its levels.

You collected 1825 gold pieces.
You spent 579 gold pieces at shops.
You paid 1037 gold pieces to Gozag.

Inventory:

Hand Weapons
 l - a +2 dagger of venom
 n - a +3 spear of flaming
 v - a +3 dagger of electrocution
Missiles
 A - 25 poisoned darts (quivered)
Armour
 a - a +1 buckler (worn)
Jewellery
 c - an amulet of magic regeneration (around mantle)
 h - a ring of wizardry (right tentacle)
 m - a +4 ring of protection (on tentacle)
 o - a ring of resist corrosion (left tentacle)
 x - a ring of see invisible (on tentacle)
Wands
 g - a wand of iceblast (10)
 s - a wand of flame (17)
 t - a wand of paralysis (3)
 u - a wand of mindburst (19)
 C - a wand of acid (4)
Scrolls
 d - 3 scrolls of teleportation
 f - a scroll of enchant armour
 j - 2 scrolls of amnesia
 p - a scroll of blinking
 y - a scroll of enchant weapon
 D - a scroll of silence {unknown}
 E - a scroll of fear {unknown}
Potions
 b - 2 potions of might
 e - a potion of haste
 i - 3 potions of flight
 k - a potion of cancellation
 q - 4 potions of brilliance
 r - 3 potions of resistance
 w - a potion of ambrosia {unknown}
 z - a potion of magic
 B - a potion of mutation {unknown}
 F - a potion of invisibility {unknown}


   Skills:
 + Level 10.8 Fighting
 + Level 8.9 Dodging
 - Level 3.0 Shields
 * Level 14.4 Unarmed Combat


You had 11 spell levels left.
You didn't know any spells.
Your spell library contained the following spells:

 Spells                   Type           Power      Damage    Failure   Level
 Magic Dart               Conj           0%         1d3       21%         1
 Call Imp                 Summ           0%         N/A       28%         2
 Ensorcelled Hibernation  Hex/Ice        0%         N/A       28%         2
 Passwall                 Tmut/Erth      0%         N/A       28%         2
 Scorch                   Fire           0%         2d5       28%         2
 Dazzling Flash           Conj/Hex       0%         N/A       50%         3
 Mephitic Cloud           Conj/Pois/Air  0%         N/A       50%         3
 Swiftness                Air            0%         N/A       50%         3
 Flame Wave               Conj/Fire      0%         2d4       86%         4
 Olgreb's Toxic Radiance  Pois           0%         N/A       86%         4
 Agony                    Necr           0%         N/A       99%         5
 Silence                  Hex/Air        0%         N/A       99%         5
 Summon Cactus Giant      Summ           0%         N/A       100%        6
 Ozocubu's Refrigeration  Ice            0%         4d5       100%        7
 Ignition                 Fire           0%         3d3       100%        8


Dungeon Overview and Level Annotations

Branches:
Dungeon (9/15)             Temple (1/1) D:4
   Lair: D:8-11         Orc: D:9-12

Altars:
Ashenzari
Cheibriados
Dithmenos
Elyvilon
Fedhas
Gozag
Hepliaklqana
Kikubaaqudgha
Makhleb
Nemelex Xobeh
Okawaru
Qazlal
Sif Muna
Trog
Uskayaw
Vehumet
Wu Jian
Xom
Zin
The Shining One

Shops:
D:3 !   D:5 [   D:8 =((


Innate Abilities, Weirdness & Mutations

You cannot wear most types of armour.
You are amphibious.
You can wear up to eight rings at the same time.
Your skin changes colour to match your surroundings (Stealth+).
Your rubbery body absorbs attacks. (AC +1, EV +1)
You are camouflaged when in or above water. (Stealth+)
You have tentacles for arms and can constrict up to eight enemies at once.


Message History

Here: a rakshasa, wielding a +0 whip and wearing a +0 robe (severely wounded) Some shallow water.
Okay, then. [a] - 308 gold - resistance and might [b] - 494 gold - haste, heal wounds and brilliance [c] - 442 gold - lignification, might and resistance Purchase which effect?
You no longer have enough gold to petition Gozag for potion effects.
You feel yourself speed up.
You feel much better.
You feel clever all of a sudden.
You batter the rakshasa!!
You kill the rakshasa!
The rakshasa shimmers and vanishes!
You closely miss the rakshasa. Your grab misses the rakshasa.
Your squeeze misses the rakshasa.
The rakshasa is heavily wounded.
You tentacle-slap the rakshasa but do no damage.
You grab the rakshasa. You squeeze the rakshasa.
The rakshasa is heavily wounded.
You constrict the rakshasa, but do no damage.
You bludgeon the rakshasa! You tentacle-slap the rakshasa.
You kill the rakshasa!
The rakshasa shimmers and vanishes!
You barely miss the rakshasa. Your grab misses the rakshasa.
You squeeze the rakshasa, but do no damage.
The rakshasa is heavily wounded.
You tentacle-slap the rakshasa. You grab the rakshasa.
The rakshasa is heavily wounded.
You constrict the rakshasa. You completely miss the rakshasa.
You squeeze the rakshasa, but do no damage.
The rakshasa is heavily wounded.
You constrict the rakshasa, but do no damage.
The rakshasa hits you with a +0 whip!!
* * * LOW HITPOINT WARNING * * *
You tentacle-slap the rakshasa. You tentacle-slap the rakshasa!
The rakshasa is severely wounded.
You constrict the rakshasa. The rakshasa hits you with a +0 whip!
You die...
Your body crumbles into a pile of gold.

♣.#♣♣.♣♣ ♣.♣ ♣♣.♣♣ ♣♣.♣♣#........
..♣♣.♣.♣♣♣.♣♣♣.♣.♣♣♣...♣#...#####
....♣♣♣.♣♣.♣♣.♣♣♣...........#....
..♣♣♣ ♣♣.♣.♣.♣♣ ♣♣♣♣...♣#...#....
♣.# ♣♣...♣♣ ♣♣.♣♣#...#....
#########♣.♣###### ### #...#....
#♣≈≈≈≈≈♣.♣≈≈≈≈≈♣# ♣.♣ #...#....
#≈≈≈≈≈≈♣.♣≈≈≈≈≈≈# ♣.♣ #...#....
#≈≈≈≈≈.....≈≈$@≈###)###...#####
+##≈≈≈≈...≈...≈R≈≈##...##........
. #≈≈≈...≈≈≈...≈≈≈##...##)......)
. #≈≈...≈≈≈≈≈...≈≈#.....#........
###♣♣...(###(...♣♣#.....#....####
#.......#..(#........≈..#....#...
#.#♣♣....###....♣♣#.....#....#...
#.#≈≈...≈≈≈≈≈..[)≈#.....#....#...
#.#≈≈≈...≈≈≈...≈≈≈##.(.##....####


You could see a rakshasa.

Vanquished Creatures
  2 hydras (D:9)
  3 two-headed ogres
  2 ugly things (D:9)
  A cyclops (D:9)
  Joseph (D:8)
  Psyche (D:8)
  3 hornets
  Sigmund (D:5)
  28 yaks
  2 wyverns (D:9)
  A shadow (D:9)
  2 wraiths
  Eustachio (D:4)
  A steam dragon (D:8)
  Edmund (D:5)
  2 acid dragons (D:9)
  4 water moccasins
  3 orc warriors
  A sky beast (D:7)
  3 black bears
  An ogre (D:4)
  2 centaurs (D:7)
  A bullfrog (D:9)
  2 kobold brigands
  A gnoll sergeant (D:9)
  A necrophage (D:7)
  2 scorpions
  9 wights
  9 killer bees
  3 electric eels (D:9)
  3 howler monkeys
  8 hounds
  3 jellies
  4 orc priests
  Crazy Yiuf (D:3)
  A gnoll shaman (D:6)
  Ijyb (D:4)
  8 orc wizards
  Natasha (twice) (D:3)
  5 iguanas
  8 gnolls
  15 adders
  A shadow imp (D:6)
  3 white imps
  An ufetubus (D:6)
  A worm (D:4)
  2 dart slugs
  18 orcs
  10 ball pythons
  5 bats
  4 endoplasms
  3 giant cockroaches
  10 goblins
  8 hobgoblins
  4 jackals (D:4)
  5 quokkas
  3 frilled lizards (D:1)
  9 kobolds
  5 rats
245 creatures vanquished.

Vanquished Creatures (others)
  12 plants (D:9)
12 creatures vanquished.

Grand Total: 257 creatures vanquished

Notes
Turn   | Place    | Note
-------+----------+-------------------------------------------
     0 | D:1      | Bnni the Octopode Fighter began the quest for the Orb.
     0 | D:1      | Reached XP level 1. HP: 16/16 MP: 1/1
   229 | D:1      | Reached XP level 2. HP: 21/21 MP: 2/2
   239 | D:1      | You fall into a shaft and drop 1 floor!
   641 | D:1      | Reached skill level 3 in Unarmed Combat
   689 | D:1      | Reached XP level 3. HP: 26/26 MP: 3/3
  1331 | D:2      | Found a faded altar of an unknown god.
  1568 | D:2      | Prayed at the altar of an unknown god.
  1568 | D:2      | Became a worshipper of Elyvilon the Healer
  1568 | D:2      | Reached * piety under Elyvilon
  1658 | D:2      | Reached XP level 4. HP: 29/33 MP: 4/4
  1863 | D:2      | Reached skill level 4 in Unarmed Combat
  2208 | D:2      | Reached XP level 5. HP: 29/37 MP: 5/5
  2495 | D:3      | Found a stormy altar of Qazlal.
  2498 | D:3      | Reached ** piety under Elyvilon
  2553 | D:3      | Found Saygos's Distillery.
  2557 | D:3      | Bought a potion of curing for 39 gold pieces
  2602 | D:3      | Found an ancient bone altar of Kikubaaqudgha.
  3082 | D:3      | Reached skill level 5 in Unarmed Combat
  3109 | D:3      | Noticed Natasha
  3117 | D:3      | Killed Natasha
  3118 | D:3      | Reached XP level 6. HP: 15/44 MP: 6/6
  3276 | D:3      | Noticed Natasha
  3285 | D:3      | Killed Natasha
  3403 | D:3      | Found a runed translucent door.
  3404 | D:3      | Noticed Crazy Yiuf
  3520 | D:3      | Killed Crazy Yiuf
  3995 | D:4      | Noticed Ijyb
  4018 | D:4      | Killed Ijyb
  4066 | D:4      | Reached skill level 5 in Fighting
  4066 | D:4      | Reached skill level 6 in Unarmed Combat
  4066 | D:4      | Reached XP level 7. HP: 22/48 MP: 7/7
  4458 | D:4      | Found a broken altar of Ashenzari.
  4495 | D:4      | Reached *** piety under Elyvilon
  4957 | D:4      | Found a staircase to the Ecumenical Temple.
  5020 | Temple   | Entered the Ecumenical Temple
  5160 | Temple   | Fell from the grace of Elyvilon
  5160 | Temple   | Became a worshipper of Gozag Ym Sagoz the Greedy
  5402 | D:4      | Noticed Eustachio
  5461 | D:4      | Killed Eustachio
  5462 | D:4      | Reached skill level 7 in Unarmed Combat
  5781 | D:5      | Entered Level 5 of the Dungeon
  6192 | D:5      | Found a shimmering blue altar of Sif Muna.
  6243 | D:5      | Reached XP level 8. HP: 28/57 MP: 8/8
  6475 | D:5      | Reached skill level 8 in Unarmed Combat
  6567 | D:5      | Found Deocoik's Antique Armour Shoppe.
  6932 | D:5      | Found a glowing silver altar of Zin.
  6933 | D:5      | Found a sparkling altar of Nemelex Xobeh.
  6933 | D:5      | Found a radiant altar of Vehumet.
  6960 | D:5      | Noticed Sigmund
  6979 | D:5      | Killed Sigmund
  7200 | D:5      | Noticed a yak
  7200 | D:5      | Noticed a yak
  7200 | D:5      | Noticed a yak
  7211 | D:5      | Noticed a yak
  7214 | D:5      | Killed a yak
  7215 | D:5      | Reached skill level 9 in Unarmed Combat
  7218 | D:5      | Killed a yak
  7219 | D:5      | Reached XP level 9. HP: 63/64 MP: 9/9
  7468 | D:5      | Noticed Edmund
  7478 | D:5      | Killed Edmund
  7621 | D:5      | Found an iron altar of Okawaru.
  8119 | D:6      | Found a white marble altar of Elyvilon.
  8262 | D:6      | Reached skill level 10 in Unarmed Combat
  8739 | D:6      | Identified the +4 robe "Syenalan" {rCorr Str+3 Dex-5}
  9129 | D:7      | Noticed a hornet
  9134 | D:7      | Paralysed by a hornet for 1 turns
  9138 | D:7      | Killed a hornet
  9139 | D:7      | Reached skill level 5 in Dodging
  9779 | D:7      | Reached XP level 10. HP: 59/72 MP: 10/10
 10159 | D:8      | Reached skill level 11 in Unarmed Combat
 10251 | D:8      | Found Wimij's Weapon Shoppe.
 10601 | D:8      | Noticed Joseph
 10609 | D:8      | Killed Joseph
 10707 | D:8      | Found Feown's Antique Weapon Shop.
 10726 | D:8      | Noticed Psyche
 10763 | D:8      | Found Qyfiddif's Jewellery Shop.
 10769 | D:8      | Bought a +4 ring of protection for 540 gold pieces
 11039 | D:8      | Killed Psyche
 11195 | D:8      | Found a hazy altar of Hepliaklqana.
 11212 | D:8      | Found a blossoming altar of Fedhas.
 11212 | D:8      | Noticed a two-headed ogre
 11221 | D:8      | Killed a two-headed ogre
 11222 | D:8      | Reached skill level 12 in Unarmed Combat
 12049 | D:9      | Noticed a red ugly thing
 12068 | D:9      | Killed a red ugly thing
 12069 | D:9      | Reached XP level 11. HP: 48/80 MP: 11/11
 12437 | D:9      | Reached skill level 13 in Unarmed Combat
 12773 | D:9      | Noticed a five-headed hydra
 12780 | D:9      | Killed a five-headed hydra
 13001 | D:9      | Noticed a two-headed ogre
 13060 | D:9      | Reached skill level 10 in Fighting
 13136 | D:9      | Noticed a cyclops
 13151 | D:9      | Killed a two-headed ogre
 13183 | D:9      | Identified the amulet "Poats" {Acrobat Int+2}
 13183 | D:9      | Noticed a deep elf archer
 13310 | D:9      | Paralysed by a hornet for 2 turns
 13324 | D:9      | HP: 2/81 [wyvern (14)]
 14194 | D:9      | Killed a cyclops
 14682 | D:9      | Noticed a green ugly thing
 14682 | D:9      | Noticed a five-headed hydra
 14682 | D:9      | Noticed a rakshasa
 14689 | D:9      | Killed a five-headed hydra
 14690 | D:9      | Reached skill level 14 in Unarmed Combat
 14690 | D:9      | Reached XP level 12. HP: 57/88 MP: 12/12
 15260 | D:9      | Noticed a two-headed ogre
 15549 | D:9      | Killed a two-headed ogre
 16091 | D:9      | Mangled by a rakshasa

Illustrated notes

Levels and vault maps discovered:
D:1:      ncdulo_halloftheorcs, layout_loops_corners
D:2:      layout_rooms, hellmonk_ecumenical_altar_inner_sanctum
D:3:      layout_basic, mainiacjoe_overflow_alcove_4,
          nicolae_qazlal_general_emergency, serial_shops, nicolae_diamond_shop,
          cheibrodos_gnoll_hut, uniq_crazy_yiuf_cottage, uniq_natasha
D:4:      layout_gridville, nicolae_ashenzari_skybound,
          minmay_temple_entry_grid, uniq_ijyb, uniq_eustachio
D:5:      layout_loops_cross, marbit_many_paths, lemuel_blue_sif_altar,
          chequers_temple_overflow_statue_of_worship, serial_shops, shop,
          uniq_sigmund, uniq_edmund
D:6:      layout_loops_ring, kennysheep_mini,
          hangedman_abyss_or_decor_jellyfish_corner
D:7:      layout_loops_ring, chequers_decorated_corner
D:8:      minmay_evil_eye, layout_basic, kennysheep_little_box,
          mainiacjoe_overflow_alcove_1, serial_shops, nicolae_shop_crystal,
          shop, shop, lightli_ossuary_entry_decrepit_ruins,
          minmay_misc_feat_room, uniq_joseph, uniq_psyche
D:9:      nzn_winding_woodlands_large [nzn_winding_woodlands_5x5_closed_star,
          nzn_winding_woodlands_5x15_twine, nzn_winding_woodlands_5x5_perimeter,
          nzn_winding_woodlands_center_lodge,
          nzn_winding_woodlands_15x15_eel_pit,
          nzn_winding_woodlands_center_garden, nzn_winding_woodlands_hourglass,
          nzn_winding_woodlands_5x15_sawtooth,
          nzn_winding_woodlands_5x5_default], layout_irregular_city
Temple:   minmay_temple_curvy_loop

Skill      XL: |  1  2  3  4  5  6  7  8  9 10 11 |
---------------+----------------------------------+-----
Unarmed Combat | 3 4 5 6 7 9 10 12 14 | 14.4
Fighting       | 4 5 7 8 9 10 | 10.8
Dodging        | 5 7 8 |  8.9
Shields        | |  3.0

Action                   |  1- 3 |  4- 6 |  7- 9 | 10-12 || total
-------------------------+-------+-------+-------+-------++-------
Melee: Unarmed           |    51 |       |   151 |   347 ||   549
       Constrict         |    16 |    27 |    46 |    41 ||   130
       Tentacles         |    10 |    31 |    58 |    99 ||   198
       Punch             |     1 |     7 |    12 |    36 ||    56
       Dagger            |    18 |    91 |    82 |       ||   191
Throw: Throwing net      |       |       |     3 |     3 ||     6
       Dart              |       |       |       |    36 ||    36
Invok: Potion Petition   |       |       |       |     2 ||     2
Evoke: Wand              |       |       |     5 |     3 ||     8
  Use: Scroll            |       |     4 |    11 |     7 ||    22
       Potion            |       |       |     4 |     7 ||    11
 Stab: Sleeping          |     5 |     7 |     7 |     5 ||    24
       Distracted        |       |     1 |     1 |     4 ||     6
       Held in net/web   |       |       |     1 |     1 ||     2
Armor: Skin              |     5 |     5 |    31 |    18 ||    59
Dodge: Dodged            |    38 |    43 |   112 |   147 ||   340
Block: Buckler           |     7 |    19 |    48 |    63 ||   137

Table legend: (Time is in decaauts)
 A = Elapsed time spent in this place.
 B = Non-inter-level travel time spent in this place.
 C = Inter-level travel time spent in this place.
 D = Time resting spent in this place.
 E = Time spent auto-exploring this place.
 F = Levels seen in this place.
 G = Mean time per level.
                   A        B        C        D        E       F      G
               +--------+--------+--------+--------+--------+-----+--------+
         Total |  16010 |  15577 |    433 |   5048 |   8500 |  10 | 1601.0 |
       Dungeon |  15801 |  15435 |    366 |   5048 |   8370 |   9 | 1755.7 |
        Temple |    208 |    141 |     67 |      0 |    130 |   1 |  208.0 |
               +--------+--------+--------+--------+--------+-----+--------+

Top non-repeatable levels by time:
     D:9: 3769 daAuts
     D:8: 2124 daAuts
     D:5: 1969 daAuts
     D:4: 1852 daAuts
     D:3: 1570 daAuts
     D:2: 1389 daAuts
     D:7: 1371 daAuts
     D:1: 967 daAuts
     D:6: 786 daAuts
  Temple: 208 daAuts
